 Dungeon Crawl Stone Soup version 0.30-a0-1157-g2cc9ac7196 (webtiles) character file.

Game seed: 4689701092637324203

42 retardedninja the Firebug (level 3, 0/25 HPs)
             Began as a Gnoll Fire Elementalist on Apr 21, 2023.
             Slain by Natasha (2 damage)
             ... on level 2 of the Dungeon on Apr 24, 2023.
             The game lasted 00:02:43 (1248 turns).

retardedninja the Firebug (Gnoll Fire Elementalist) Turns: 1248, Time: 00:02:44

Health: 0/25       AC:  2    Str:  7    XL:     3   Next: 54%
Magic:  6/9        EV: 13    Int: 16    God:
Gold:   32         SH:  0    Dex: 12    Spells: 11/12 levels left

rFire   . . .        (no weapon)
rCold   . . .        (no shield)
rNeg    . . .        a - +0 robe
rPois   .            (no helmet)
rElec   .            (no cloak)
rCorr   .            (no gloves)
SInv    .            (no boots)
Will    .....        (no amulet)
Stlth   ++           (no ring)
HPRegen 0.24/turn    (no ring)
MPRegen 0.11/turn

%: no passive effects
@: slowed, very slow
A: fangs 1, strong nose, distributed training
a: no special abilities


You were on level 2 of the Dungeon.
You visited 1 branch of the dungeon, and saw 2 of its levels.

You collected 32 gold pieces.

Inventory:

Armour
 a - a +0 robe (worn)
Scrolls
 d - a scroll of silence {unknown}
 g - a scroll of fear {unknown}
 h - a scroll of identify {unknown}
Potions
 b - a potion of magic
 c - 2 potions of ambrosia {unknown}
 e - a potion of mutation {unknown}
 f - a potion of flight {unknown}
 i - a potion of lignification {unknown}
 j - a potion of degeneration {unknown}


   Skills:
 + Level 0.9 Fighting
 + Level 0.9 Short Blades
 + Level 0.9 Long Blades
 + Level 0.9 Axes
 + Level 0.9 Maces & Flails
 + Level 0.9 Polearms
 + Level 0.9 Staves
 + Level 0.9 Ranged Weapons
 + Level 0.9 Throwing
 + Level 0.9 Armour
 + Level 4.5 Dodging
 + Level 4.2 Stealth
 + Level 0.9 Shields
 + Level 0.9 Unarmed Combat
 + Level 5.0 Spellcasting
 + Level 2.1 Conjurations
 + Level 0.6 Hexes
 + Level 0.6 Summonings
 + Level 0.6 Necromancy
 + Level 0.6 Translocations
 + Level 0.6 Transmutations
 + Level 5.4 Fire Magic
 + Level 0.6 Ice Magic
 + Level 0.6 Air Magic
 + Level 0.6 Earth Magic
 + Level 0.6 Poison Magic
 + Level 1.0 Invocations
 + Level 0.9 Evocations


You had 11 spell levels left.
You knew the following spells:

 Your Spells              Type           Power      Damage    Failure   Level
a - Foxfire               Conj/Fire      64%        2x1d7     3%          1

Your spell library contained the following spells:

 Spells                   Type           Power      Damage    Failure   Level
 Scorch                   Fire           42%        2d7       2%          2
 Beastly Appendage        Tmut           12%        N/A       12%         1
 Inner Flame              Hex/Fire       13%        N/A       13%         3
 Volatile Blastmotes      Fire/Tloc      26%        2d12      13%         3
 Wereblood                Tmut           6%         N/A       19%         2
 Flame Wave               Conj/Fire      16%        2d7       32%         4
 Spider Form              Tmut/Pois      6%         N/A       34%         3
 Animate Armour           Summ/Erth      12%        N/A       75%         4
 Blade Hands              Tmut           3%         N/A       97%         5
 Iron Shot                Conj/Erth      4%         9d2       100%        6


Dungeon Overview and Level Annotations

Branches:
Dungeon (2/15)

Altars:

Annotations:
D:2 Natasha


Innate Abilities, Weirdness & Mutations

You have very sharp teeth.
Your uncanny sense of smell can sniff out nearby items.
Your experience applies equally to all skills.


Message History

You kill the endoplasm!
Your foxfire dissipates!
Your foxfire dissipates!
Magic restored.
Natasha, Servant of Life and Death comes into view.
Natasha is nearby!
Natasha is nearby!
Natasha is nearby!
You conjure some foxfire!
Natasha hisses angrily.
A hobgoblin comes into view.
Natasha stares at you and mumbles some strange words.
You feel yourself slow down.
You conjure some foxfire!
The foxfire hits Natasha but does no damage.
The foxfire hits the hobgoblin.
You kill the hobgoblin!
The foxfire hits Natasha.
Natasha is lightly wounded.
Natasha casts a spell.
You conjure some foxfire!
Natasha mumbles some strange words.
The foxfire hits the cerulean imp.
The cerulean imp is lightly wounded.
The foxfire hits the cerulean imp.
The cerulean imp is moderately wounded.
The cerulean imp hits you from afar with a +2 spear.
You conjure some foxfire!
The cerulean imp hits you from afar with a +2 spear.
Natasha mewls in sadness.
Natasha stares at you and mumbles some strange words.
The magic dart hits you!
The cerulean imp hits you from afar with a +2 spear.
The foxfire hits the cerulean imp.
The cerulean imp is heavily wounded.
The cerulean imp closely misses you.
The cerulean imp hits you from afar with a +2 spear!
* * * LOW HITPOINT WARNING * * *
Natasha claws you.
You die...

........#
......?.#
........# ..
........#
##.#
..!.....#
....
......55#
..###
......h.#
.....
.......@##..#
#+##+###v...#
#.##.# #.#
#.# #. #.#
#.. ##.#
#..#####..#
#........##


You could see Natasha (ally target) and 2 cerulean imps.

Vanquished Creatures
  A gnoll (D:1)
  2 dart slugs (D:1)
  4 bats
  3 endoplasms
  2 giant cockroaches
  A goblin (D:1)
  2 hobgoblins
  3 jackals (D:1)
  A quokka (D:1)
  3 ball pythons (D:1)
  2 kobolds (D:1)
  2 rats
26 creatures vanquished.

Vanquished Creatures (others)
  122 foxfires
122 creatures vanquished.

Grand Total: 148 creatures vanquished

Notes
Turn   | Place    | Note
-------+----------+-------------------------------------------
     0 | D:1      | retardedninja the Gnoll Fire Elementalist began the quest
                  | for the Orb.
     0 | D:1      | Reached XP level 1. HP: 13/13 MP: 6/6
    96 | D:1      | Reached XP level 2. HP: 20/20 MP: 2/7
   361 | D:1      | Found a faded altar of an unknown god.
   491 | D:1      | Reached skill level 5 in Spellcasting
   491 | D:1      | Reached XP level 3. HP: 23/25 MP: 2/9
   571 | D:1      | Upgraded the game from 0.30-a0-1116-gebefce21f7 to
                  | 0.30-a0-1157-g2cc9ac7196
   930 | D:1      | Reached skill level 1 in Invocations
  1240 | D:2      | Noticed Natasha
  1248 | D:2      | Slain by Natasha

Illustrated notes

Levels and vault maps discovered:
D:1:      scummos_arrival_simple_crosswalls, layout_basic,
          hellmonk_ecumenical_altar_dog_temple
D:2:      layout_basic, chequers_serial_rivers_small_a, uniq_natasha,
          uniq_jessica

Skill      XL: |  1  2  3 |
---------------+----------+-----
Conjurations   | 2 |  2.1
Spellcasting   | 5 |  5.0
Invocations    | 1 |  1.0
Fighting       | |  0.9
Short Blades   | |  0.9
Long Blades    | |  0.9
Axes           | |  0.9
Maces & Flails | |  0.9
Polearms       | |  0.9
Staves         | |  0.9
Ranged Weapons | |  0.9
Throwing       | |  0.9
Armour         | |  0.9
Dodging        | |  4.5
Stealth        | |  4.2
Shields        | |  0.9
Unarmed Combat | |  0.9
Hexes          | |  0.6
Summonings     | |  0.6
Necromancy     | |  0.6
Translocations | |  0.6
Transmutations | |  0.6
Fire Magic     | |  5.4
Ice Magic      | |  0.6
Air Magic      | |  0.6
Earth Magic    | |  0.6
Poison Magic   | |  0.6
Evocations     | |  0.9

Action                     || total
---------------------------++-------
   Cast: Foxfire           ||    74
 Armour: Robe              ||     1
  Dodge: Dodged            ||     2

Table legend: (Time is in decaauts)
 A = Elapsed time spent in this place.
 B = Non-inter-level travel time spent in this place.
 C = Inter-level travel time spent in this place.
 D = Time resting spent in this place.
 E = Time spent auto-exploring this place.
 F = Levels seen in this place.
 G = Mean time per level.
                   A        B        C        D        E       F      G
               +--------+--------+--------+--------+--------+-----+--------+
         Total |   1250 |   1236 |     14 |      0 |   1037 |   2 |  625.0 |
       Dungeon |   1250 |   1236 |     14 |      0 |   1037 |   2 |  625.0 |
               +--------+--------+--------+--------+--------+-----+--------+

Top non-repeatable levels by time:
     D:1: 1023 daAuts
     D:2: 227 daAuts
